 Dungeon Crawl Stone Soup version 0.27-a0-906-g0a00ce863d (webtiles) character file.

Game seed: 8017594172542520442

553 Zeld the Conjurer (level 7, -3/48 HPs)
             Began as an Octopode Conjurer on Apr 6, 2021.
             Was an Initiate of Vehumet.
             Slain by an ice beast (11 damage)
             ... on level 5 of the Dungeon.
             The game lasted 00:06:27 (5616 turns).

Zeld the Conjurer (Octopode Conjurer)               Turns: 5616, Time: 00:06:28

Health: -3/48      AC:  1    Str:  6    XL:     7   Next: 29%
Magic:  8/13       EV: 13    Int: 22    God:    Vehumet [......]
Gold:   234        SH:  0    Dex: 11    Spells: 3/14 levels left

rFire    . . .     SeeInvis .   (no weapon)
rCold    . . .     Faith    .   (no shield)
rNeg     . . .     Spirit   .   (helmet restricted)
rPois    .         Reflect  .   (no amulet)
rElec    .         Harm     .   (no ring)
rCorr    .         Rampage  .   (no ring)
Will     .....                  (no ring)
Stlth    +++.......             (no ring)
HPRegen  0.16/turn              (no ring)
MPRegen  0.13/turn              (no ring)
                                (no ring)
                                (no ring)

@: lethally poisoned (-3 -> -5), studying Short Blades
A: almost no armour, amphibious, 8 rings, camouflage 1, gelatinous body 1,
(nimble swimmer 1), tentacles
a: Renounce Religion


You were on level 5 of the Dungeon.
You worshipped Vehumet.
Vehumet was noncommittal.
You visited 2 branches of the dungeon, and saw 6 of its levels.

You collected 234 gold pieces.

Inventory:

Scrolls
 a - a scroll of amnesia
 c - a scroll of enchant weapon
 d - a scroll of noise
 f - a scroll of immolation
 h - a scroll of holy word
 i - a scroll of enchant armour {unknown}
 m - a scroll of teleportation
Potions
 b - 2 potions of brilliance {unknown}
 e - a potion of haste {unknown}
 g - a potion of berserk rage {unknown}
 k - a potion of heal wounds {unknown}
 l - a potion of flight {unknown}


   Skills:
 * Level 4.1 Fighting
 - Level 2.0 Dodging
 - Level 2.6 Stealth
 * Level 4.3 Spellcasting
 * Level 5.9 Conjurations


You had 3 spell levels left.
You knew the following spells:

 Your Spells              Type           Power      Damage    Failure   Level
a - Magic Dart            Conj           100%       1d8       1%          1
b - Searing Ray           Conj           60%        3d5       1%          2
c - Fulminant Prism       Conj/Hex       8%         3d7       32%         4
d - Iskenderun's Mystic   Conj/Tloc      17%        2d5       32%         4

Your spell library contained the following spells:

 Spells                   Type           Power      Damage    Failure   Level
 Conjure Flame            Conj/Fire      17%        6-21      10%         3
 Dazzling Flash           Conj/Hex       34%        N/A       10%         3
 Mephitic Cloud           Conj/Pois/Air  13%        N/A       14%         3
 Blink                    Tloc           N/A        N/A       16%         2
 Call Imp                 Summ           4%         N/A       16%         2
 Slow                     Hex            4%         N/A       16%         2


Dungeon Overview and Level Annotations

Branches:
Dungeon (5/15)             Temple (1/1) D:4

Altars:
Cheibriados
Dithmenos
Elyvilon
Fedhas
Gozag
Hepliaklqana
Kikubaaqudgha
Makhleb
Qazlal
Trog
Uskayaw
Vehumet
Yredelemnul
Zin
The Shining One
Lugonu


Innate Abilities, Weirdness & Mutations

You cannot wear most types of armour.
You are amphibious.
You can wear up to eight rings at the same time.
Your skin changes colour to match your surroundings (Stealth+).
Your rubbery body absorbs attacks. (AC +1, EV +1)
((You are camouflaged near water. (Stealth+)))
You have tentacles for arms and can constrict up to eight enemies at once.


Message History

The adder is heavily wounded.
The iguana bites you!
The searing ray hits the iguana!
You kill the iguana!
Vehumet accepts your kill.
The searing ray hits the adder!
You kill the adder!
Vehumet accepts your kill.
You finish channeling your searing ray.
Magic restored.
HP restored.
You see here an iguana corpse.
An adder and an ice beast come into view.
There are monsters nearby!
There are monsters nearby!
There are monsters nearby!
Casting: Searing Ray (safe; 1% risk of failure)
Confirm with . or Enter, or press ? or * to list all spells.
Aiming: Searing Ray (safe; 1% risk of failure)
Press: ? - help, Shift-Dir - straight line, f - adder
Aim: an adder (34% to evade)
The searing ray hits the adder.
The adder is heavily wounded. (Press . to maintain the ray.)
The adder completely misses you.
The searing ray misses the adder.
The adder closely misses you. The adder bites you.
You are poisoned.
The adder poisons you! The ice beast hits you. The ice beast freezes you!
The searing ray hits the adder!
You kill the adder!
Vehumet accepts your kill.
You feel sick. The ice beast hits you. The ice beast freezes you!
You finish channeling your searing ray.
You feel sick. The ice beast hits you. The ice beast freezes you!
* * * LOW HITPOINT WARNING * * *
You feel sick. The ice beast hits you.
* * * LOW HITPOINT WARNING * * *
The ice beast freezes you!
You die...

.... .
#####+#######..#+## ..
.................##...
......... #..........
....... #......# ..
..... #....#.# #.
#...#+# #.<..#.# #.
###Y†...# #.#..#.# #.
#...@...# #......#+#.
#.......# ###........
#.......# +........
###.....# #........
#.....# #...^....
#####.# ###...... #.#
######' #.# #. #.# #†


You could see an ice beast.

Vanquished Creatures
  An ogre (D:4)
  A bullfrog (D:4)
  2 hounds (D:4)
  An orc priest (D:4)
  2 orc wizards (D:4)
  2 iguanas
  A howler monkey skeleton (D:4)
  8 adders
  An adder skeleton (D:4)
  A worm (D:2)
  7 dart slugs
  8 orcs
  6 ball pythons
  12 endoplasms
  3 giant cockroaches
  9 goblins
  4 hobgoblins
  12 jackals
  9 kobolds
  4 quokkas
  4 bats
  3 frilled lizards
  7 rats
108 creatures vanquished.

Notes
Turn   | Place    | Note
-------+----------+-------------------------------------------
     0 | D:1      | Zeld the Octopode Conjurer began the quest for the Orb.
     0 | D:1      | Reached XP level 1. HP: 11/11 MP: 3/3
     0 | D:1      | Noticed a merfolk zombie
     2 | D:1      | Noticed a merfolk zombie
    24 | D:1      | Noticed a merfolk zombie
   317 | D:1      | Reached XP level 2. HP: 16/18 MP: 1/5
   330 | D:1      | Learned a level 2 spell: Searing Ray
   473 | D:1      | Reached skill level 1 in Fighting
   808 | D:1      | Reached XP level 3. HP: 23/23 MP: 3/6
   942 | D:1      | Found a faded altar of an unknown god.
  1115 | D:2      | Found a white marble altar of Elyvilon.
  1707 | D:2      | Reached XP level 4. HP: 29/29 MP: 4/8
  1867 | D:2      | Learned a level 4 spell: Fulminant Prism
  1899 | D:2      | You fall into a shaft and drop 2 floors!
  3214 | D:3      | Reached XP level 5. HP: 35/35 MP: 6/9
  4051 | D:4      | Noticed an ogre
  4059 | D:4      | Found a blossoming altar of Fedhas.
  4082 | D:4      | Killed an ogre
  4083 | D:4      | Reached skill level 5 in Conjurations
  4083 | D:4      | Reached XP level 6. HP: 42/42 MP: 3/11
  4088 | D:4      | Learned a level 4 spell: Iskenderun's Mystic Blast
  4354 | D:4      | Found a staircase to the Ecumenical Temple.
  4371 | Temple   | Entered the Ecumenical Temple
  4767 | D:4      | Found a burning altar of Makhleb.
  4770 | D:4      | Found a radiant altar of Vehumet.
  4773 | D:4      | Found a glowing silver altar of Zin.
  4781 | D:4      | Became a worshipper of Vehumet
  4787 | D:4      | Found a hide-covered altar of Uskayaw.
  4805 | D:4      | Found a bloodstained altar of Trog.
  4858 | D:4      | Reached XP level 7. HP: 47/47 MP: 5/13
  5493 | D:5      | Entered Level 5 of the Dungeon
  5616 | D:5      | Slain by an ice beast

Illustrated notes

Levels and vault maps discovered:
D:1:      shiori_arrival_whats_in_store_for_you, layout_loops_ring,
          chequers_ecumenical_altar_twisty, st_stairs_3, minmay_tromino_v7
D:2:      layout_rooms, basic_altar, kennysheep_generic_room_16
D:3:      layout_basic, chequers_serial_rivers_large_b, minmay_diced_spiral
D:4:      layout_cave_pools, kennysheep_mini_moat, fedhas_ov_isle_minmay,
          grunt_temple_overflow_cloverleaf, minmay_temple_entry_hall
D:5:      layout_basic, lemuel_crystal_altar, nicolae_ru_path_of_blood,
          st_stairs_3, uniq_ijyb
Temple:   corrupted_temple

Skill      XL: |  1  2  3  4  5  6  7 |
---------------+----------------------+-----
Fighting       | 1 2 3 4 |  4.1
Spellcasting   | 3 4 |  4.3
Conjurations   | 5 |  5.9
Dodging        | |  2.0
Stealth        | |  2.6

Action                   |  1- 3 |  4- 6 |  7- 9 || total
-------------------------+-------+-------+-------++-------
Melee: Unarmed           |    34 |     8 |       ||    42
       Constrict         |     8 |     3 |       ||    11
       Tentacles         |     6 |     1 |       ||     7
 Cast: Magic Dart        |    30 |    69 |       ||    99
       Searing Ray       |     9 |    33 |     5 ||    47
  Use: Scroll            |     1 |       |     5 ||     6
Armor: Skin              |     3 |     1 |       ||     4
Dodge: Dodged            |    27 |    26 |     6 ||    59

Table legend: (Time is in decaauts)
 A = Elapsed time spent in this place.
 B = Non-inter-level travel time spent in this place.
 C = Inter-level travel time spent in this place.
 D = Time resting spent in this place.
 E = Time spent auto-exploring this place.
 F = Levels seen in this place.
 G = Mean time per level.
                   A        B        C        D        E       F      G
               +--------+--------+--------+--------+--------+-----+--------+
         Total |   5616 |   5476 |    140 |    733 |   4137 |   6 |  936.0 |
       Dungeon |   5486 |   5357 |    129 |    733 |   4019 |   5 | 1097.2 |
        Temple |    130 |    119 |     11 |      0 |    118 |   1 |  130.0 |
               +--------+--------+--------+--------+--------+-----+--------+

Top non-repeatable levels by time:
     D:2: 1495 daAuts
     D:4: 1448 daAuts
     D:3: 1304 daAuts
     D:1: 1115 daAuts
  Temple: 130 daAuts
     D:5: 122 daAuts
